 Dungeon Crawl Stone Soup version 0.24.0-37-gcf1ca852f1 (webtiles) character file.

Game seed: 14973606459004164044, levelgen mode: deterministic

435 Mrkan the Ruffian (level 6, -1/62 HPs)
             Began as a Troll Monk on Nov 29, 2019.
             Was a Priest of Elyvilon.
             Slain by a mummy (9 damage)
             ... in an ossuary.
             The game lasted 00:04:00 (2663 turns).

Mrkan the Ruffian (Troll Monk)                      Turns: 2663, Time: 00:04:00

Health: -1/62      AC:  6    Str: 20    XL:     6   Next: 68%
Magic:  5/5        EV: 10    Int:  8    God:    Elyvilon [***...]
Gold:   154        SH:  0    Dex: 12    Spells: 5/5 levels left

rFire    . . .     SeeInvis .     - Unarmed
rCold    . . .     Gourm    +   (no shield)
rNeg     . . .     Faith    .   a - +0 robe
rPois    .         Spirit   .   (helmet restricted)
rElec    .         Reflect  .   (no cloak)
rCorr    .         Harm     .   (gloves unavailable)
MR       .....                  (boots unavailable)
Stlth    +.........             (no amulet)
HPRegen  0.60/turn              (no ring)
MPRegen  0.09/turn              (no ring)

@: confused
A: large, unfitting armour, claws 3, fast metabolism 3, gourmand, regeneration
1, shaggy fur 1, tough skin 3
a: Lesser Healing, Heal Other, Purification, Divine Protection, Renounce
Religion


You were in an ossuary.
You worshipped Elyvilon.
Elyvilon was most pleased with you.
You were full.

You visited 1 branch of the dungeon, and saw 4 of its levels.
You also visited: Ossuary.

You collected 154 gold pieces.

Inventory:

Missiles
 e - 8 silver javelins (quivered)
Armour
 a - a +0 robe (worn)
Jewellery
 k - a +3 amulet of reflection {unknown}
 m - a +4 ring of dexterity {unknown}
 n - an uncursed ring of see invisible {unknown}
 o - an uncursed ring of protection from magic {unknown}
Scrolls
 c - 2 scrolls of identify {unknown}
 f - a scroll of noise {unknown}
 g - 2 scrolls of magic mapping {unknown}
 h - 4 scrolls of teleportation {unknown}
 i - a scroll of enchant armour {unknown}
 q - a scroll of remove curse {unknown}
Potions
 j - a potion of curing {unknown}
 l - 3 potions of flight {unknown}
 p - a potion of lignification {unknown}
Comestibles
 b - 6 rations


   Skills:
 + Level 4.1 Fighting
 - Level 2.4 Dodging
 - Level 1.0 Stealth
 * Level 6.4 Unarmed Combat


You had 5 spell levels left.
You didn't know any spells.
Your spell library was empty.

Dungeon Overview and Level Annotations

Branches:
Dungeon (4/15)            Ossuary (1/1)
 Temple: D:4-7

Altars:
Elyvilon
Hepliaklqana
Trog
Xom


Innate Abilities, Weirdness & Mutations

You are too large for most types of armour.
You have claws for hands.
Your metabolism is lightning-fast.
You like to eat raw meat.
Your natural rate of healing is unusually fast.
You are covered in fur. (AC +1)
You have extremely tough skin. (AC +3)


Message History

The elf zombie is almost destroyed.
The elf zombie hits you but does no damage.
The elf zombie barely misses you.
You barely miss the elf zombie.
The elf zombie is almost destroyed.
The gnoll zombie closely misses you. The elf zombie hits you.
* * * LOW HITPOINT WARNING * * *
You claw the elf zombie!
You destroy the elf zombie!
The elf zombie hits you but does no damage.
The gnoll zombie barely misses you.
You scratch the mummy.
The mummy is lightly damaged.
The elf zombie hits you but does no damage.
It was a potion of ambrosia.
You are confused.
You feel invigorated. The gnoll zombie hits you.
* * * LOW HITPOINT WARNING * * *
The mummy hits you!
You die...

.....#+## .......#
..................#
...........##.....#
...........##.....#
..................#
..............ZZ..#
...............#@.#
...∩..........##MZ#
...∩..........##ZZ#
...........M..##Z.#
...............#..#
............Z.....#
...........##.....#
...........##.....#
..................#


You could see a mummy, a rat zombie, a goblin zombie, a gnoll zombie, 2 kobold
zombies and an elf zombie.

Vanquished Creatures
  An ice beast (D:3)
  An elf zombie (Ossuary)
  A howler monkey (D:2)
  An orc priest (D:3)
  2 hound zombies (Ossuary)
  A mummy (Ossuary)
  3 gnolls (D:3)
  6 adders
  An ooze (D:2)
  An adder zombie (Ossuary)
  A worm (D:3)
  4 dart slugs
  6 orcs (D:3)
  2 ball pythons
  6 bats
  2 giant cockroaches (D:2)
  4 hobgoblins
  2 jackals (D:2)
  7 kobolds
  A quokka (D:2)
  2 frilled lizards (D:1)
  5 goblins
  A jackal zombie (Ossuary)
  8 rats
69 creatures vanquished.

Notes
Turn   | Place    | Note
-------+----------+-------------------------------------------
     0 | D:1      | Mrkan the Troll Monk began the quest for the Orb.
     0 | D:1      | Reached XP level 1. HP: 22/22 MP: 0/0
   336 | D:1      | Found a snail-covered altar of Cheibriados.
   339 | D:1      | Found a shimmering altar of Xom.
   339 | D:1      | Found a sacrificial altar of Ru.
   341 | D:1      | Found a hazy altar of Hepliaklqana.
   341 | D:1      | Found a glowing silver altar of Zin.
   341 | D:1      | Found a shadowy altar of Dithmenos.
   386 | D:1      | Reached XP level 2. HP: 29/29 MP: 1/1
   725 | D:2      | Noticed a howler monkey
   734 | D:2      | Reached XP level 3. HP: 36/36 MP: 2/2
   740 | D:2      | Reached skill level 4 in Unarmed Combat
   742 | D:2      | Reached XP level 4. HP: 41/45 MP: 3/3
   973 | D:2      | Found a white marble altar of Elyvilon.
   981 | D:2      | Became a worshipper of Elyvilon the Healer
   981 | D:2      | Reached * piety under Elyvilon
   981 | D:2      | Reached ** piety under Elyvilon
  1486 | D:3      | Reached skill level 5 in Unarmed Combat
  1486 | D:3      | Reached XP level 5. HP: 24/53 MP: 4/4
  1578 | D:3      | Found a bloodstained altar of Trog.
  1620 | D:3      | Noticed an ice beast
  1643 | D:3      | Killed an ice beast
  1643 | D:3      | Reached XP level 6. HP: 10/62 MP: 5/5
  1825 | D:3      | Reached skill level 6 in Unarmed Combat
  1857 | D:3      | Reached *** piety under Elyvilon
  2413 | D:3      | Found a hazy altar of Hepliaklqana.
  2509 | D:4      | Found a sand-covered staircase.
  2608 | Ossuary  | Entered an ossuary
  2663 | Ossuary  | Slain by a mummy

Levels and vault maps discovered:
D:1:      minmay_arrival_solitary_statue, layout_loops_ring, doesnt_xom_only_xom
D:2:      layout_basic, old_standard_altar
D:3:      layout_basic, lemuel_round_altar, lemuel_crystal_altar
D:4:      lemuel_upstairs_altar, layout_loops_corners, first_ration,
          nicolae_ossuary_entry_monument, serial_shops, shop,
          uniq_blork_the_orc, uniq_duvessa
Ossuary:  ossuary_minmay_tomb_2a

Skill      XL: |  1  2  3  4  5  6 |
---------------+-------------------+-----
Fighting       | 3 4 |  4.1
Unarmed Combat | 4 5 6 |  6.4
Dodging        | |  2.4
Stealth        | |  1.0

Action                   |  1- 3 |  4- 6 || total
-------------------------+-------+-------++-------
Melee: Unarmed           |    36 |   152 ||   188
       Punch             |       |     2 ||     2
  Use: Potion            |       |     1 ||     1
 Stab: Sleeping          |     1 |       ||     1
  Eat: Chunk             |     5 |    22 ||    27
Armor: Robe              |    16 |    85 ||   101
Dodge: Dodged            |    28 |   109 ||   137
